Map: Lerilak Crest

Players

WenckeBach - Winner!

  • Race: Protoss Protoss
  • League: Grandmaster

Taka

  • Race: Protoss Protoss
  • League: Grandmaster

VOD

Have the link to the VOD?

Description

Time

  • Played on: July 24, 2015, 11:03 p.m.
  • Length: 15:34
Show
View Real Time Build Order
Export as new Build Order

WenckeBach Protoss - Winner!

Build Orders:  

Get SALT Encoding   

  12  0:01  Probe  
  13  0:15  Pylon  
  13  0:18  Probe  
  14  0:27  Assimilator  
  14  0:33  Probe (Chrono Boost)  
  15  0:44  Probe (Chrono Boost)  
  15  0:46  Gateway  
  16  0:56  Probe  
  17  1:09  Probe (Chrono Boost)  
  18  1:20  Probe (Chrono Boost), Assimilator  
  19  1:27  Probe (Chrono Boost)  
  20  1:38  Cybernetics Core  
  20  1:39  Pylon  
  20  2:06  Zealot (Chrono Boost)  
  22  2:27  Warp Gate  
  22  2:29  Mothership Core (Chrono Boost)  
  24  2:42  Zealot (Chrono Boost)  
  26  3:06  Probe (Chrono Boost)  
  26  3:11  Adept  
  29  3:18  Probe (Chrono Boost)  
  30  3:30  Gateway  
  30  3:54  Nexus  
  30  4:00  Pylon  
  30  4:18  Probe (Chrono Boost)  
  31  4:29  Probe (Chrono Boost)  
  32  4:35  Probe, Forge  
  32  4:36  Stalker  
  32  4:37  Stalker  
  35  4:52  Probe (Chrono Boost)  
  35  5:02  Probe (Chrono Boost)  
  36  5:09  Probe  
  36  5:11  Gateway  
  37  5:14  Robotics Facility  
  33  5:32  Probe (Chrono Boost)  
  34  5:35  Probe (Chrono Boost)  
  34  5:42  Protoss Ground Weapons Level 1 (Chrono Boost)  
  36  5:45  Probe (Chrono Boost)  
  36  5:46  Probe (Chrono Boost)  
  36  5:49  Forge  
  37  6:00  Probe (Chrono Boost)  
  38  6:05  Stalker, Assimilator  
  38  6:06  Sentry  
  38  6:09  Assimilator  
  38  6:10  Probe (Chrono Boost)  
  44  6:12  Probe (Chrono Boost)  
  44  6:13  Observer (Chrono Boost)  
  45  6:19  Probe (Chrono Boost)  
  46  6:26  Photon Cannon  
  46  6:28  Pylon  
  46  6:29  Sentry x2, Probe (Chrono Boost)  
  51  6:36  Probe  
  52  6:45  Protoss Ground Armor Level 1 (Chrono Boost)  
  52  6:48  Probe  
  52  6:50  Immortal  
  52  6:51  Probe  
  58  6:54  Stalker  
  60  7:04  Pylon  
  60  7:22  Probe  
  61  7:32  Stalker  
  61  7:33  Stalker x2  
  61  7:35  Probe (Chrono Boost)  
  68  7:45  Pylon  
  68  7:48  Pylon  
  68  7:58  Robotics Bay  
  68  8:06  Twilight Council, Probe (Chrono Boost)  
  68  8:07  Pylon  
  68  8:10  Pylon  
  68  8:11  Stalker x2, Pylon  
  73  8:13  Zealot  
  73  8:17  Probe (Chrono Boost)  
  73  8:19  Pylon  
  76  8:25  Probe (Chrono Boost)  
  77  8:38  Stalker x3, Probe (Chrono Boost)  
  84  8:42  Colossus  
  84  8:45  Extended Thermal Lance (Chrono Boost), Probe (Chrono Boost)  
  91  8:56  Protoss Ground Weapons Level 2 (Chrono Boost)  
  91  8:57  Protoss Ground Armor Level 2 (Chrono Boost)  
  91  9:03  Sentry x3  
  91  9:06  Probe  
  91  9:07  Probe  
  99  9:18  Probe  
  99  9:19  Probe, Pylon  
  101  9:34  Probe (Chrono Boost)  
  101  9:37  Stalker  
  101  9:38  Sentry, Gateway  
  104  9:41  Gateway  
  104  9:43  Probe (Chrono Boost)  
  104  9:44  Photon Cannon  
  107  9:47  Colossus (Chrono Boost)  
  107  9:48  Photon Cannon  
  113  9:54  Probe  
  114  10:12  Probe  
  115  10:24  Probe  
  95  11:41  Blink (Chrono Boost)  
  95  11:43  Colossus (Chrono Boost)  
  91  12:04  Stalker x3  
  91  12:05  Stalker  
  99  12:15  Nexus  
  99  12:18  Assimilator  
  99  12:21  Stalker  
  99  12:22  Assimilator  
  107  12:37  Colossus (Chrono Boost)  
  107  12:43  Robotics Facility  
  107  12:55  Gateway x2  
  107  12:57  Zealot x4  
  115  12:59  Gateway, Pylon  
  115  13:03  Photon Cannon  
  115  13:21  Nexus  
  115  13:26  Photon Cannon  
  115  13:27  Photon Cannon  
  115  13:32  Stalker  
  115  13:33  Stalker x3  
  123  13:35  Charge  
  117  14:07  Stalker x3  
  123  14:16  Pylon x2  
  123  14:17  Pylon  
  123  14:20  Pylon  
  123  14:21  Pylon  
  123  14:22  Pylon  
  123  14:32  Colossus x2  
  135  14:55  Stalker x7  
  135  14:57  Zealot  
  147  15:20  Sentry  
  147  15:21  Sentry x4  
Show
View Real Time Build Order
Export as new Build Order

Taka Protoss 

Build Orders:  

Get SALT Encoding   

  12  0:03  Probe  
  13  0:15  Probe  
  14  0:21  Pylon  
  14  0:39  Probe  
  15  0:49  Gateway  
  15  0:51  Probe (Chrono Boost)  
  15  0:54  Pylon  
  16  1:03  Probe (Chrono Boost)  
  17  1:19  Gateway  
  17  1:42  Pylon  
  17  1:43  Pylon  
  17  1:47  Pylon  
  17  1:48  Pylon  
  17  1:56  Probe  
  18  2:01  Forge  
  18  2:02  Zealot  
  20  2:11  Pylon  
  20  2:36  Photon Cannon  
  20  2:41  Zealot  
  20  2:43  Zealot  
  24  2:47  Probe (Chrono Boost)  
  24  2:57  Probe (Chrono Boost), Gateway  
  25  3:00  Gateway  
  25  3:04  Probe  
  26  3:09  Photon Cannon  
  26  3:14  Photon Cannon  
  26  3:20  Pylon  
  26  3:24  Pylon  
  26  3:26  Zealot  
  28  3:55  Zealot  
  30  3:56  Nexus  
  30  4:13  Pylon  
  30  4:17  Pylon  
  30  4:20  Zealot  
  26  4:57  Zealot x4  
  31  5:27  Zealot  
  31  5:28  Zealot x3  
  35  5:36  Photon Cannon  
  35  5:38  Photon Cannon  
  35  5:41  Photon Cannon  
  35  5:55  Probe (Chrono Boost), Zealot (Chrono Boost)  
  40  6:00  Zealot (Chrono Boost)  
  42  6:05  Probe (Chrono Boost)  
  42  6:06  Probe (Chrono Boost)  
  42  6:09  Zealot (Chrono Boost)  
  44  6:12  Probe  
  44  6:14  Probe  
  46  6:23  Zealot (Chrono Boost)  
  46  6:24  Probe (Chrono Boost)  
  47  6:26  Zealot x2 (Chrono Boost)  
  47  6:28  Probe (Chrono Boost)  
  54  6:36  Probe (Chrono Boost)  
  54  6:42  Probe (Chrono Boost)  
  54  6:44  Probe (Chrono Boost)  
  55  6:55  Zealot x2  
  55  6:56  Nexus  
  59  7:08  Zealot x2  
  63  7:38  Zealot  
  63  7:39  Zealot x3  
  71  7:50  Pylon  
  71  7:54  Pylon  
  71  7:57  Pylon  
  71  8:00  Gateway  
  71  8:02  Gateway  
  71  8:06  Zealot x2  
  71  8:08  Zealot x2  
  79  8:16  Photon Cannon  
  79  8:17  Photon Cannon  
  79  8:23  Probe  
  80  8:33  Zealot  
  80  8:34  Zealot  
  84  8:35  Probe, Zealot  
  87  8:47  Probe  
  88  8:55  Zealot x2  
  88  8:56  Zealot x3  
  88  8:57  Zealot  
  100  9:06  Probe (Chrono Boost)  
  101  9:13  Pylon  
  101  9:17  Probe (Chrono Boost)  
  102  9:21  Zealot x4  
  102  9:22  Zealot  
  102  9:23  Probe  
  113  9:32  Gateway  
  113  9:36  Probe  
  113  9:37  Gateway  
  114  9:43  Zealot  
  116  9:48  Probe, Zealot x2  
  121  9:55  Pylon  
  121  9:59  Pylon  
  121  10:01  Pylon  
  121  10:13  Zealot x3  
  121  10:14  Nexus  
  127  10:22  Zealot  
  127  10:26  Gateway  
  129  10:31  Gateway  
  125  10:49  Zealot  
  121  10:56  Zealot x6  
  113  11:16  Zealot  
  115  11:23  Zealot x6  
  83  11:43  Zealot  
  73  11:50  Zealot x4  
  73  11:51  Zealot x2  
  65  12:04  Probe (Chrono Boost)  
  64  12:11  Zealot (Chrono Boost)  
  64  12:15  Probe (Chrono Boost)  
  67  12:18  Zealot (Chrono Boost)  
  67  12:20  Zealot x2 (Chrono Boost)  
  67  12:21  Probe  
  84  12:24  Zealot x3 (Chrono Boost)  
  84  12:25  Zealot x2 (Chrono Boost)  
  74  12:34  Zealot (Chrono Boost)  
  76  12:38  Zealot  
  78  12:44  Zealot x3  
  78  12:48  Zealot x4  
  92  12:58  Zealot  
  94  13:05  Zealot  
  94  13:11  Zealot x2  
  94  13:12  Zealot  
  93  13:15  Zealot x3  
  93  13:16  Zealot  
  95  13:25  Zealot  
  97  13:32  Zealot  
  99  13:38  Zealot  
  99  13:39  Zealot x2  
  95  13:51  Zealot x4  
  95  13:52  Zealot  
  87  13:59  Zealot  
  65  14:05  Zealot  
  65  14:06  Zealot x2  
  67  14:10  Probe (Chrono Boost)  
  68  14:21  Probe (Chrono Boost)  
  69  14:27  Probe  
  69  14:28  Nexus  
  70  14:36  Zealot x3  
  76  14:39  Probe  
  77  14:51  Zealot x2  
  77  14:52  Probe, Zealot x2  
Tags
 
Add a new tag
Caveats
  • Supply blocks, unpowered buildings, or Contaminate may cause inaccurate times.
  • Supply counts are checked every 10 seconds.